 Dungeon Crawl Stone Soup version 0.31-a0-841-g038b102fc3 (webtiles) character file.

Game seed: 18325721828801483099

340 lunkers the Ruffian (level 7, -2/78 HPs)
             Began as a Meteoran Shapeshifter on Sept 27, 2023.
             Was a Follower of Trog.
             Slain by a gnoll
             ... wielding a +0 spear
              (4 damage)
             ... on level 4 of the Dungeon.
             The game lasted 00:04:56 (1472 turns).

lunkers the Ruffian (Meteoran Shapeshifter)         Turns: 1472, Time: 00:04:57

Health: -2/78      AC: 27    Str: 17    XL:     7   Next: 12%
Magic:  8/8        EV: -1    Int: 11    God:    Trog [*.....]
Gold:   99         SH:  0    Dex: 15    Spells: 6/6 levels left

rFire   . .          .
                       - Unarmed
rCold   . . .        (no shield)
rNeg    + . .        k - melded +0 ring mail
rPois   +            e - melded +2 helmet
rElec   .            (cloak currently unavailable)
rCorr   .            (gloves currently unavailable)
SInv    .            (boots currently unavailable)
Will    .....        i - amulet of the acrobat
Stlth   +            q - +4 ring of protection
HPRegen 0.33/turn    u - ring of positive energy
MPRegen 0.11/turn

%: acrobat
@: lethally poisoned (-2 -> -10), tree-form, glowing, constricted
A: stationary, stasis, torment immunity, boosted hp, sense surroundings 1,
otherworldly, glowing, explore regen
a: Renounce Religion, Berserk


You were on level 4 of the Dungeon.
You worshipped Trog.
Trog was aware of your devotion.
You were a tree.
You visited 1 branch of the dungeon, and saw 4 of its levels.

You collected 99 gold pieces.

Inventory:

Armour
 a - a +0 animal skin
 e - a +2 helmet (melded)
 k - a +0 ring mail (melded)
Jewellery
 i - an amulet of the acrobat (around neck)
 j - an amulet of faith
 q - a +4 ring of protection (left branch)
 r - a +6 ring of intelligence
 u - a ring of positive energy (right branch)
Talismans
 c - a beast talisman
 d - a flux talisman
 o - a blade talisman
Wands
 l - a wand of polymorph (7)
Scrolls
 f - a scroll of fear {unknown}
 h - a scroll of poison
 n - a scroll of revelation {unknown}
 p - a scroll of enchant armour {unknown}
 t - a scroll of teleportation
Potions
 b - a potion of lignification
 g - a potion of attraction
 m - a potion of mutation
 s - a potion of berserk rage {unknown}


   Skills:
 - Level 1.1 Fighting
 - Level 2.1 Dodging
 * Level 7.3 Unarmed Combat
 + Level 5.4 Shapeshifting


You had 6 spell levels left.
You didn't know any spells.
Your spell library was empty.

Dungeon Overview and Level Annotations

Branches:
Dungeon (4/15) Zot: 951
 Temple: D:4-7

Altars:
Trog

Shops:
D:2 =


Innate Abilities, Weirdness & Mutations

You are a tree.
Your roots penetrate the ground, keeping you stationary.
You cannot be teleported.
You are immune to unholy pain and torment.
Your maximum health is greatly increased.
Your equipment is partially melded.
You passively map a small area around you.
You are easily found by Zot.
You glow in the dark.
You regain HP and MP as you explore.


Message History

The gnoll attacks as it pursues you! The gnoll hits you with a +0 flail!
The scorpion completely misses you. The gnoll attacks as it pursues you!
The gnoll hits you but does no damage. The gnoll misses you.
The gnoll completely misses you. The gnoll attacks as it pursues you!
The gnoll misses you. The gnoll attacks as it pursues you!
The gnoll completely misses you. x2
You hit the gnoll but do no damage.
The gnoll begins to glow.
The gnoll hits you from afar with a +0 spear!
* * * LOW HITPOINT WARNING * * *
You punch the gnoll!
The gnoll glows dangerously bright.
The gnoll is heavily wounded.
The gnoll closely misses you. The gnoll hits you with a +0 flail.
* * * LOW HITPOINT WARNING * * *
You hit the scorpion.
The scorpion glows dangerously bright.
The scorpion is heavily wounded.
A gnoll comes into view. It is wielding a +0 spear.
The scorpion stings you.
* * * LOW HITPOINT WARNING * * *
You are poisoned.
The scorpion poisons you!
Unknown command.
You hit the scorpion.
The scorpion shudders as magic cascades through it.
You kill the scorpion!
Trog accepts your kill.
* * * LOW HITPOINT WARNING * * *
You feel very sick. The gnoll barely misses you. x2
The gnoll hits you from afar with a +0 halberd!
* * * LOW HITPOINT WARNING * * *
You have reached level 7!
Your transformation has ended.
You turn into a tree.
Your +2 helmet melds into your body.
Your +0 ring mail melds into your body.
Your roots penetrate the ground.
* * * LOW HITPOINT WARNING * * *
You feel sick.
The ball python bites you but does no damage.
The ball python grabs you. The ball python constricts you.
The gnoll hits you from afar with a +0 spear.
You die...

,
,##...##..####.....##
* * ,#..#..#..#
##...... ,, ,
##...##..## ##..... *
, ##.#.#.##..# #.....
* , , #...†...#..#
###... , ###.#.###..#
##.. * ,
##.......##.# ### *
#.#.#.#.#.### #
#(...♣g..:#
##.#####S#####
##......ggg.#
#........gg##
#........g.#
...##....g.# # *#.
#......# * ### *
#.....?.#* * #..
#.........* #.#


You could see a gnoll bouda, 7 gnolls and a ball python.

Vanquished Creatures
  An ogre (D:4)
  A scorpion (D:4)
  A jelly (D:4)
  An iguana (D:4)
  6 adders
  An ufetubus (D:4)
  3 dart slugs
  4 orcs
  8 ball pythons
  10 endoplasms
  4 giant cockroaches
  7 hobgoblins
  8 kobolds
  4 quokkas
  8 bats
  3 frilled lizards
  5 goblins
  5 rats
80 creatures vanquished.

Notes
Turn   | Place    | Note
-------+----------+-------------------------------------------
     0 | D:1      | lunkers the Meteoran Shapeshifter began the quest for the
                  | Orb.
     0 | D:1      | Reached XP level 1. HP: 16/16 MP: 2/2
    45 | D:1      | Reached skill level 4 in Unarmed Combat
    45 | D:1      | Reached XP level 2. HP: 23/23 MP: 3/3
   221 | D:1      | Reached XP level 3. HP: 28/28 MP: 4/4
   506 | D:2      | Reached XP level 4. HP: 25/35 MP: 5/5
   548 | D:2      | Reached skill level 5 in Unarmed Combat
   778 | D:2      | Found Wybeul's Jewellery Emporium.
   835 | D:2      | Found a bloodstained altar of Trog.
   843 | D:2      | Became a worshipper of Trog the Wrathful
   957 | D:3      | Reached XP level 5. HP: 21/40 MP: 6/6
  1238 | D:4      | Reached * piety under Trog
  1331 | D:4      | Noticed an ogre
  1339 | D:4      | Killed an ogre
  1340 | D:4      | Reached skill level 6 in Unarmed Combat
  1340 | D:4      | Reached skill level 5 in Shapeshifting
  1340 | D:4      | Reached XP level 6. HP: 24/47 MP: 7/7
  1380 | D:4      | Reached skill level 7 in Unarmed Combat
  1472 | D:4      | Reached XP level 7. HP: 2/52 MP: 8/8
  1472 | D:4      | HP: 2/78 [poisoned by a scorpion]
  1472 | D:4      | Slain by a gnoll

Illustrated notes

Levels and vault maps discovered:
D:1:      dpeg_arrival_connections, layout_loops_ring
D:2:      layout_loops_corners, basic_altar, serial_shops, shop,
          corexii_hall_statues_l, hangedman_decor_push, minmay_surrounded
D:3:      layout_rooms
D:4:      minmay_spotlight, layout_layer_cave, grunt_ministairs_13,
          uniq_menkaure, uniq_eustachio, uniq_pikel

Skill      XL: |  1  2  3  4  5  6 |
---------------+-------------------+-----
Unarmed Combat | 4 5 6 7 |  7.3
Shapeshifting  | 4 5 |  5.4
Fighting       | |  1.1
Dodging        | |  2.1

Action                     |  1- 3 |  4- 6 |  7- 9 || total
---------------------------+-------+-------+-------++-------
  Melee: Unarmed           |    52 |   167 |       ||   219
         Punch             |     1 |       |       ||     1
    Use: Scroll            |     3 |     3 |       ||     6
         Potion            |       |       |     1 ||     1
   Stab: Sleeping          |     1 |       |       ||     1
 Armour: Animal skin       |    17 |    27 |       ||    44
         Ring mail         |       |    60 |       ||    60
         Skin              |       |       |     2 ||     2
  Dodge: Dodged            |    28 |   119 |       ||   147
   Form: Flux              |     1 |       |       ||     1

Table legend: (Time is in decaauts)
 A = Elapsed time spent in this place.
 B = Non-inter-level travel time spent in this place.
 C = Inter-level travel time spent in this place.
 D = Time resting spent in this place.
 E = Time spent auto-exploring this place.
 F = Levels seen in this place.
 G = Mean time per level.
                   A        B        C        D        E       F      G
               +--------+--------+--------+--------+--------+-----+--------+
         Total |   1448 |   1443 |      5 |      0 |    887 |   4 |  362.0 |
       Dungeon |   1448 |   1443 |      5 |      0 |    887 |   4 |  362.0 |
               +--------+--------+--------+--------+--------+-----+--------+

Top non-repeatable levels by time:
     D:2: 484 daAuts
     D:1: 449 daAuts
     D:3: 280 daAuts
     D:4: 233 daAuts
